 Dungeon Crawl Stone Soup version 0.23.0-3-gf3c87f2 (webtiles) character file.

Game seed: 886778933798143050

419 Jaiteiro the Shield-Bearer (level 6, -13/38 HPs)
             Began as a Gargoyle Fighter on Feb 24, 2019.
             Was an Initiate of Okawaru.
             Mangled by an ogre
             ... wielding a +0 giant club
              (18 damage)
             ... on level 3 of the Dungeon.
             The game lasted 00:15:47 (3105 turns).

Jaiteiro the Shield-Bearer (Gargoyle Fighter)       Turns: 3105, Time: 00:15:48

Health: -13/38     AC: 14    Str: 21    XL:     6   Next: 93%
Magic:  6/6        EV:  7    Int:  9    God:    Okawaru [......]
Gold:   114        SH: 10    Dex:  9    Spells: 5/5 levels left

rFire    x . .     SeeInvis .   b - +2 hand axe (elec)
rCold    + . .     Gourm    .   c - +0 shield
rNeg     + . .     Faith    .   s - +0 scale mail
rPois    ∞         Spirit   .   n - +0 helmet
rElec    +         Reflect  .   h - +0 cloak
rCorr    .         Harm     .   (no gloves)
MR       .....                  i - +0 pair of boots
Stlth    ..........             (no amulet)
HPRegen  0.12/turn              k - ring of ice
MPRegen  0.10/turn              (no ring)

@: no status effects
A: negative energy resistance 1, electricity resistance, unbreathing,
petrification resistance, rot immunity, AC +4
a: Renounce Religion


You were on level 3 of the Dungeon.
You worshipped Okawaru.
Okawaru was noncommittal.
You were not hungry.

You visited 1 branch of the dungeon, and saw 4 of its levels.

You collected 114 gold pieces.

Inventory:

Hand Weapons
 a - a +0 flail
 b - a +2 hand axe of electrocution (weapon)
 A - a +2 war axe of electrocution
Missiles
 g - 8 javelins (quivered)
 p - 118 stones
 z - 10 tomahawks
Armour
 c - a +0 shield (worn)
 h - a +0 cloak (worn)
 i - a +0 pair of boots (worn)
 n - a +0 helmet (worn)
 s - a +0 scale mail (worn)
Jewellery
 k - a ring of ice (left hand)
Scrolls
 j - 4 scrolls of identify
 o - a scroll of magic mapping {unknown}
 t - a scroll of fog {unknown}
 v - 2 scrolls of teleportation
 x - a scroll of noise {unknown}
 y - a scroll of fear {unknown}
Potions
 d - a potion of might
 e - a potion of degeneration {unknown}
 l - 3 potions of lignification {unknown}
 u - a potion of flight {unknown}
 w - a potion of ambrosia {unknown}
Comestibles
 f - 4 rations


   Skills:
 + Level 4.1 Fighting
 * Level 5.4 Maces & Flails
 - Level 3.2 Armour
 * Level 5.5 Shields


You had 5 spell levels left.
You didn't know any spells.
Your spell library was empty.

Dungeon Overview and Level Annotations

Branches:
Dungeon (4/15)
 Temple: D:4-7

Altars:
Kikubaaqudgha
Okawaru
Yredelemnul


Innate Abilities, Weirdness & Mutations

You are resistant to torment.
Your stone body is resilient. (AC +4)
You are immune to poison.
You resist negative energy. (rN+)
You are resistant to electric shocks. (rElec)
You can survive without breathing.
You are immune to petrification.
You are immune to rotting.


Message History

You block the leopard gecko's attack.
You completely miss the ogre. The ogre hits you with a +0 giant club!
You slash the ogre!
The ogre is heavily wounded.
The ogre barely misses you.
You closely miss the ogre.
The ogre is heavily wounded.
You block the ogre's attack.
You hit the ogre.
The ogre is heavily wounded.
You block the ogre's attack.
You hit the ogre.
The ogre is severely wounded.
The ogre hits you with a +0 giant club!!
Ouch! That really hurt!
* * * LOW HITPOINT WARNING * * *
You hit the ogre.
The ogre is almost dead.
The ogre hits you with a +0 giant club!!
You die...

#.......#
#..#.##.#
##.#.##.#
#...##.#
##..##.#
#..##.#
#..##.#
#..##.#
##lO@.#
######


You could see an ogre and a leopard gecko.

Vanquished Creatures
  2 ogres (D:4)
  Robin (D:4)
  4 gnolls (D:2)
  4 adders
  An ooze (D:3)
  4 worms
  8 dart slugs
  2 leopard geckos
  8 orcs
  6 giant cockroaches
  18 goblins
  14 hobgoblins
  8 jackals
  A quokka (D:4)
  4 ball pythons
  10 bats
  6 frilled lizards
  13 kobolds
  8 rats
122 creatures vanquished.

Notes
Turn   | Place    | Note
-------+----------+-------------------------------------------
     0 | D:1      | Jaiteiro the Gargoyle Fighter began the quest for the Orb.
     0 | D:1      | Reached XP level 1. HP: 14/14 MP: 1/1
    76 | D:1      | Reached XP level 2. HP: 19/19 MP: 2/2
   302 | D:1      | Reached XP level 3. HP: 22/23 MP: 3/3
  1028 | D:2      | Reached XP level 4. HP: 25/28 MP: 4/4
  1413 | D:2      | Reached XP level 5. HP: 22/33 MP: 5/5
  1522 | D:2      | Found an iron altar of Okawaru.
  1603 | D:2      | Became a worshipper of Warmaster Okawaru
  1740 | D:2      | Found an ancient bone altar of Kikubaaqudgha.
  1922 | D:3      | Found a faded altar of an unknown god.
  2369 | D:3      | Reached skill level 5 in Shields
  2618 | D:4      | Noticed an ogre
  2637 | D:4      | Killed an ogre
  2637 | D:4      | Reached XP level 6. HP: 22/38 MP: 6/6
  2742 | D:4      | Noticed Robin
  2750 | D:4      | Killed Robin
  2750 | D:4      | Reached skill level 5 in Maces & Flails
  2795 | D:4      | Found a basalt altar of Yredelemnul.
  3105 | D:3      | Mangled by an ogre

Skill      XL: |  1  2  3  4  5  6 |
---------------+-------------------+-----
Shields        | 4 5 |  5.5
Maces & Flails | 3 4 5 |  5.4
Fighting       | 4 |  4.1
Armour         | |  3.2

Action                   |  1- 3 |  4- 6 || total
-------------------------+-------+-------++-------
Melee: Flail             |   144 |   296 ||   440
       Hand axe          |       |    14 ||    14
       War axe           |       |     7 ||     7
  Use: Scroll            |       |     3 ||     3
  Eat: Chunk             |     1 |     7 ||     8
Armor: Scale mail        |   118 |   135 ||   253
Dodge: Dodged            |    47 |   115 ||   162
Block: Shield            |    91 |   169 ||   260
